 Dungeon Crawl Stone Soup version 0.30-a0-457-g4b7bca3bfa (webtiles) character file.

Game seed: 17705713786445676513

5751 zishaf the Blocker (level 11, 0/81 HPs)
             Began as a Djinni Venom Mage on Dec 13, 2022.
             Was a Priest of Makhleb.
             Slain by an ice beast (3 damage)
             ... summoned by Fannar
             ... on level 10 of the Dungeon.
             The game lasted 00:13:32 (7435 turns).

zishaf the Blocker (Djinni Venom Mage)              Turns: 7435, Time: 00:13:33

Health: 0/81       AC:  9    Str:  7      XL:     11   Next: 5%
Gold:   606        EV: 15    Int: 21 (22) God:    Makhleb [***...] SH: 11 Dex: 12 (13)

rFire   + + +      SeeInvis .    F - +9 whip "Wocywn" {venom, *Noise rF+ rN+}
rCold   . . .      Faith    .    n - +0 kite shield
rNeg    + . .      Spirit   .    y - +2 robe {rC+ rF+}
rPois   ∞          Reflect  .    g - +0 helmet
rElec   +          Harm     .    D - +1 cloak {rCorr}
rCorr   +          Rampage  .    t - +1 pair of gloves
Will    ++...                    (boots unavailable)
Stlth   ++........               z - amulet of regeneration
HPRegen 0.00/turn                u - ring of wizardry
MPRegen 0.00/turn                k - +4 ring of evasion

@: flying, inhibited regen, studying Shields
A: sickness immunity, fire resistance 2, cold vulnerability 1, float, innate
caster, HP casting, extra vitality 1, deterioration 1, strong-willed 1,
electricity resistance, inhibited regeneration
a: Renounce Religion, Minor Destruction, Lesser Servant of Makhleb


You were on level 10 of the Dungeon.
You worshipped Makhleb.
Makhleb was most pleased with you.
You visited 1 branch of the dungeon, and saw 10 of its levels.
You also visited: Ossuary.

You collected 668 gold pieces.
You spent 62 gold pieces at shops.

Inventory:

Hand Weapons
 m - a +2 short sword of flaming
 A - a +4 short sword of venom
 F - the +9 whip "Wocywn" (weapon) {venom, *Noise rF+ rN+}
   (You found it on level 8 of the Dungeon)

   It poisons the flesh of those it strikes.
   rF:        It protects you from fire.
   rN:        It protects you from negative energy.
   *Noise:    It may make noises in combat.
Armour
 g - a +0 helmet (worn)
 n - a +0 kite shield (worn)
 t - a +1 pair of gloves (worn)
 y - a +2 robe of resistance (worn)
 D - a +1 cloak of preservation (worn)
Magical Staves
 x - a staff of cold
Jewellery
 e - a +6 ring of intelligence
 h - a ring of resist corrosion
 k - a +4 ring of evasion (right hand)
 o - the ring "Honno" {Wiz rPois rF- rC++ Str-2}
   (You found it on level 9 of the Dungeon)

   [ring of wizardry]

   It improves your spell success rate.
   Str:       It affects your strength (-2).
   rF:        It makes you vulnerable to fire.
   rC:        It greatly protects you from cold.
   rPois:     It protects you from poison.
 s - a ring of positive energy
 u - a ring of wizardry (left hand)
 z - an amulet of regeneration (around neck)
Wands
 p - a wand of flame (12)
 q - a wand of mindburst (8)
Scrolls
 c - 3 scrolls of torment
 d - a scroll of brand weapon
 i - 2 scrolls of teleportation
 w - a scroll of enchant armour
Potions
 a - a potion of haste
 b - a potion of ambrosia
 f - 3 potions of curing
 j - 2 potions of might
 l - 2 potions of invisibility
 r - 7 potions of heal wounds
 B - a potion of cancellation {unknown}
 C - 2 potions of lignification
 E - 2 potions of brilliance {unknown}
 G - 4 potions of attraction
 H - 3 potions of degeneration {unknown}


   Skills:
 + Level 8.1 Fighting
 - Level 2.1 Dodging
 - Level 1.5 Stealth
 + Level 10.0 Shields
 + Level 6.8 Spellcasting
 + Level 7.0 Invocations


You couldn't memorise any spells.
You knew the following spells:

 Your Spells              Type           Power      Damage    Failure   Level
a - Sting                 Tmut/Pois      100%       1d8       1%          1
b - Poisonous Vapours     Pois/Air       70%        N/A       1%          2
c - Freeze                Ice            100%       1d10      1%          1
d - Gell's Gravitas       Tloc           35%        N/A       1%          3
z - Mephitic Cloud        Conj/Pois/Air  35%        N/A       1%          3
A - Olgreb's Toxic Radia  Pois           35%        N/A       4%          4
B - Summon Guardian Gole  Hex/Summ       35%        N/A       1%          3
C - Metabolic Englaciati  Hex/Ice        17%        N/A       13%         5
M - Wereblood             Tmut           35%        N/A       1%          2
Your spell library was empty.

Dungeon Overview and Level Annotations

Branches:
Dungeon (10/15)            Temple (0/1) D:5         Ossuary (visited)
   Lair: D:8-11         Orc: D:9-12

Altars:
Dithmenos
Fedhas
Gozag
Makhleb
Nemelex Xobeh
Ru
Uskayaw
Wu Jian
Zin

Shops:
D:3 *   D:8 :   D:9 **

Annotations:
D:10 Fannar


Innate Abilities, Weirdness & Mutations

You are immune to sickness and miasma.
You are immune to poison.
Your flesh is very heat resistant. (rF++)
You are vulnerable to cold. (rC-)
You float through the air rather than walking.
You learn spells naturally, not from books.
Your magical power is your life essence.
You have superior vitality. (+4 MHP)
Your body sometimes deteriorates upon taking damage.
You are strong-willed. (Will+)
You are resistant to electric shocks. (rElec)
You do not regenerate when monsters are visible.


Message History

You whack the ice beast!
The ice beast is heavily wounded.
The ice beast hits you but does no damage.
Fannar casts a spell at you.
The bolt of cold hits the ice beast.
The ice beast completely resists.
The bolt of cold hits you!!!
You hit the ice beast but do no damage.
The ice beast is heavily wounded.
You block the ice beast's attack.
You hit the ice beast.
The ice beast is poisoned.
The ice beast is severely wounded.
You block the ice beast's attack.
Fannar mumbles some strange words.
The ice beast attacks as you move away! The ice beast hits you.
The ice beast freezes you!
Casting: Olgreb's Toxic Radiance (dangerous; 4% risk of failure)
Confirm with . or Enter, or press ? or * to list all spells.
Aiming: Mephitic Cloud (safe; 1% risk of failure)
Press: ? - help, Shift-Dir - straight line, f - Fannar
Aim: Fannar, wielding a +0 quarterstaff of freezing, wearing a +1 robe of cold resistance and wearing a ring of ice (chance to affect: 53%)
The ball explodes into a vile cloud!
The stinking cloud engulfs Fannar but does no damage.
The stinking cloud engulfs the ice beast but does no damage. x2
The ice beast is severely wounded.
You hear a howl!
The ice beast hits you but does no damage.
Fannar is engulfed in noxious fumes.
Fannar gestures at you while chanting.
The bolt of cold hits the ice beast.
The ice beast completely resists.
The bolt of cold hits you!!
* * * LOW HITPOINT WARNING * * *
Your body deteriorates!
You feel clumsy.
You hear a howl!
The ice beast attacks as you move away!
The ice beast hits you but does no damage.
Fannar is engulfed in noxious fumes.
The ice beast attacks as you move away! The ice beast closely misses you.
Fannar is engulfed in noxious fumes.
Fannar appears confused.
The ice beast attacks as you move away! The ice beast hits you.
You die...

#........#
+........#
#........#
#...?.(..#
#........#
#....<...#
#........#
######'###
#.@# #Y##
##e# #.Y#
#○## ..☼.
#.#)#.# #
.. .# ###
.#


You could see Fannar (confused) and 2 ice beasts.

Vanquished Creatures
  Pikel (D:9)
  2 hornets
  Eustachio (D:4)
  8 yaks
  2 steam dragons
  A water moccasin (D:6)
  Duvessa (D:5)
  An ice beast (D:7)
  2 orc warriors (D:9)
  3 ogres
  2 centaurs (D:9)
  A phantom (D:5)
  A lemure (D:9)
  A kobold brigand (D:7)
  5 bullfrogs
  A gnoll sergeant (D:9)
  4 scorpions
  3 necrophages
  3 water moccasin zombies (Ossuary)
  Dowan (D:5)
  6 killer bees (D:9)
  3 hounds
  2 orc priests (D:9)
  Crazy Yiuf (D:7)
  3 iguanas
  7 orc wizards
  2 mummies (Ossuary)
  12 gnolls
  4 adders
  A shadow imp (D:7)
  4 white imps
  An ufetubus (D:7)
  5 adder zombies (Ossuary)
  2 worms (D:2)
  4 dart slugs
  24 orcs
  5 endoplasms
  A giant cockroach (D:1)
  4 gnoll zombies (Ossuary)
  3 goblins
  7 hobgoblins
  6 jackals
  2 quokkas
  4 ball pythons
  5 bats
  5 hobgoblin zombies (Ossuary)
  11 kobolds
  4 kobold zombies (Ossuary)
  4 orc zombies (Ossuary)
  2 rats
188 creatures vanquished.

Vanquished Creatures (collateral kills)
  2 orc priests (D:8)
  An orc wizard (D:8)
  An orc (D:8)
4 creatures vanquished.

Vanquished Creatures (others)
  Menkaure (D:5)
  A fungus (D:7)
2 creatures vanquished.

Grand Total: 194 creatures vanquished

Notes
Turn   | Place    | Note
-------+----------+-------------------------------------------
     0 | D:1      | zishaf the Djinni Venom Mage began the quest for the Orb.
     0 | D:1      | zishaf set off with the following spells memorised: Sting,
                  | Poisonous Vapours, Mephitic Cloud, Olgreb's Toxic Radiance.
     0 | D:1      | Reached XP level 1. HP: 15/15 MP: 0/0
   255 | D:1      | Reached skill level 1 in Fighting
   255 | D:1      | Reached XP level 2. HP: 13/22 MP: 0/0
   668 | D:2      | Identified the +0 ring mail of Paocon {Will+ Int+4}
  1062 | D:2      | Reached XP level 3. HP: 18/27 MP: 0/0
  1062 | D:2      | Learned a level 1 spell: Freeze
  1662 | D:3      | Reached skill level 1 in Shields
  1662 | D:3      | Reached XP level 4. HP: 23/33 MP: 0/0
  1911 | D:3      | Reached XP level 5. HP: 38/39 MP: 0/0
  1911 | D:3      | Learned a level 2 spell: Wereblood
  1992 | D:3      | Found Iristrisk's Assorted Antiques.
  2033 | D:3      | Bought a glowing robe for 62 gold pieces
  2181 | D:3      | Reached skill level 2 in Shields
  2276 | D:3      | Found a sparkling altar of Nemelex Xobeh.
  2590 | D:4      | Found a shadowy altar of Dithmenos.
  2609 | D:4      | Reached XP level 6. HP: 46/46 MP: 0/0
  2625 | D:4      | Found a glowing silver altar of Zin.
  2627 | D:4      | Found a burning altar of Makhleb.
  2627 | D:4      | Noticed Eustachio
  2652 | D:4      | Killed Eustachio
  2653 | D:4      | Reached skill level 3 in Shields
  2653 | D:4      | Reached XP level 7. HP: 48/51 MP: 0/0
  2653 | D:4      | Learned a level 3 spell: Summon Guardian Golem
  2782 | D:4      | Became a worshipper of Makhleb the Destroyer
  2955 | D:4      | Found a sacrificial altar of Ru.
  3197 | D:5      | Entered Level 5 of the Dungeon
  3211 | D:5      | Found a staircase to the Ecumenical Temple.
  3323 | D:5      | Reached skill level 1 in Invocations
  3420 | D:5      | Noticed Duvessa
  3421 | D:5      | Noticed Dowan
  3455 | D:5      | Killed Duvessa
  3456 | D:5      | Reached skill level 4 in Shields
  3456 | D:5      | Reached XP level 8. HP: 51/58 MP: 0/0
  3457 | D:5      | Killed Dowan
  3596 | D:5      | Noticed Menkaure
  3625 | D:5      | Killed Menkaure
  3626 | D:5      | Reached skill level 5 in Fighting
  3692 | D:5      | Reached * piety under Makhleb
  4099 | D:6      | Gained mutation: You are somewhat resistant to further
                  | mutation. [potion of mutation]
  4181 | D:6      | Reached skill level 5 in Shields
  4217 | D:6      | Identified a scroll of acquirement
  4217 | D:6      | Acquired a manual of Shields
  4294 | D:6      | Found a sand-covered staircase.
  4301 | Ossuary  | Entered an ossuary
  4353 | Ossuary  | Reached XP level 9. HP: 64/65 MP: 0/0
  4353 | Ossuary  | Learned a level 3 spell: Gell's Gravitas
  4369 | Ossuary  | Reached skill level 5 in Spellcasting
  4625 | D:6      | Reached ** piety under Makhleb
  4626 | D:6      | Reached skill level 6 in Shields
  5216 | D:7      | Found a runed translucent door.
  5217 | D:7      | Noticed Crazy Yiuf
  5228 | D:7      | Killed Crazy Yiuf
  5452 | D:7      | Reached skill level 7 in Shields
  5476 | D:7      | Reached skill level 5 in Invocations
  5714 | D:8      | Identified the +9 whip "Wocywn" {venom, *Noise rF+ rN+}
  5771 | D:8      | Found a blossoming altar of Fedhas.
  5796 | D:8      | Reached XP level 10. HP: 48/73 MP: 0/0
  5799 | D:8      | Reached skill level 8 in Shields
  5937 | D:8      | Found an ornate altar of the Wu Jian Council.
  6117 | D:8      | Found an opulent altar of Gozag.
  6191 | D:8      | Found Yhiminli's Book Shop.
  6523 | D:9      | Reached skill level 9 in Shields
  6555 | D:9      | Noticed Pikel
  6567 | D:9      | Killed Pikel
  6598 | D:9      | Reached *** piety under Makhleb
  6607 | D:9      | Lost mutation: You are somewhat resistant to further
                  | mutation. [potion of mutation]
  6607 | D:9      | Gained mutation: You are frail. (-10% HP) [potion of
                  | mutation]
  6607 | D:9      | Gained mutation: You have very sharp teeth. [potion of
                  | mutation]
  6607 | D:9      | Gained mutation: You have a pair of small horns on your
                  | head. [potion of mutation]
  6608 | D:9      | Lost mutation: You have a pair of small horns on your head.
                  | [potion of mutation]
  6608 | D:9      | Lost mutation: You have very sharp teeth. [potion of
                  | mutation]
  6608 | D:9      | Gained mutation: You are occasionally teleported next to
                  | monsters. [potion of mutation]
  6609 | D:9      | Lost mutation: You are frail. (-10% HP) [potion of
                  | mutation]
  6609 | D:9      | Lost mutation: You are occasionally teleported next to
                  | monsters. [potion of mutation]
  6609 | D:9      | Gained mutation: You occasionally lose the ability to drink
                  | potions when taking damage. [potion of mutation]
  6609 | D:9      | Gained mutation: Your spells are a little harder to cast,
                  | but a little more powerful. [potion of mutation]
  6610 | D:9      | Lost mutation: Your spells are a little harder to cast, but
                  | a little more powerful. [potion of mutation]
  6610 | D:9      | Lost mutation: You occasionally lose the ability to drink
                  | potions when taking damage. [potion of mutation]
  6610 | D:9      | Gained mutation: You do not regenerate when monsters are
                  | visible. [potion of mutation]
  6610 | D:9      | Gained mutation: Your body sometimes deteriorates upon
                  | taking damage. [potion of mutation]
  6610 | D:9      | Gained mutation: You are resistant to electric shocks.
                  | (rElec) [potion of mutation]
  6610 | D:9      | Gained mutation: You are strong-willed. (Will+) [potion of
                  | mutation]
  6750 | D:9      | Found Kodicus's Specific Store.
  6752 | D:9      | Found Niofalom's General Store.
  6855 | D:9      | Noticed a +0 dagger
  6855 | D:9      | Noticed a +0 dagger
  6856 | D:9      | Found a hide-covered altar of Uskayaw.
  6960 | D:9      | Reached XP level 11. HP: 62/81 MP: 0/0
  6960 | D:9      | Learned a level 5 spell: Metabolic Englaciation
  7224 | D:9      | Reached skill level 10 in Shields
  7261 | D:9      | Identified the ring "Honno" {Wiz rPois rF- rC++ Str-2}
  7419 | D:10     | Entered Level 10 of the Dungeon
  7427 | D:10     | Noticed Fannar
  7432 | D:10     | HP: 3/81 [Fannar/bolt of cold (24)]
  7435 | D:10     | Slain by an ice beast

Illustrated notes

Levels and vault maps discovered:
D:1:      amcnicky_arrival_choice, layout_basic, chequers_serial_rivers_large_a
D:2:      minmay_door_path, layout_loops_corners
D:3:      layout_basic, nemelex_spade_bored_becter, serial_shops,
          nicolae_shop_competitors_out_of_business
D:4:      layout_rooms, nicolae_ru_path_of_blood, mainiacjoe_overflow_alcove_4,
          mainiacjoe_overflow_chevrons, nicolae_dithmenos_the_darkroom,
          uniq_eustachio
D:5:      layout_cave_pods, minmay_temple_entry_statues_pillars, uniq_duvessa,
          uniq_menkaure
D:6:      layout_basic, chequers_ossuary_entry_cave
D:7:      layout_cave_pools, uniq_crazy_yiuf_cottage
D:8:      layout_basic, nicolae_wu_jian_immortal_techniques,
          mainiacjoe_overflow_paths, mainiacjoe_overflow_tiny_flanked,
          serial_shops, shop
D:9:      layout_basic, dancing_weapons_uskayaw, kennysheep_mini_moat,
          chequers_serial_rivers_micro_e, nicolae_specific_store, uniq_pikel
D:10:     layout_roguey, lair_entry_dummy, uniq_nergalle, uniq_fannar

Skill      XL: |  1  2  3  4  5  6  7  8  9 10 11 |
---------------+----------------------------------+-----
Fighting       | 1 2 3 4 5 6 8 |  8.1
Spellcasting   | 3 4 5 6 |  6.8
Shields        | 1 2 3 4 5 7 9 10 | 10.0
Invocations    | 2 3 5 6 7 |  7.0
Dodging        | |  2.1
Stealth        | |  1.5

Action                   |  1- 3 |  4- 6 |  7- 9 | 10-12 || total
-------------------------+-------+-------+-------+-------++-------
Melee: Unarmed           |     1 |       |       |       ||     1
       Short sword       |    17 |     3 |   268 |       ||   288
       Whip              |       |       |    30 |    80 ||   110
 Cast: Sting             |    52 |    60 |    74 |       ||   186
       Poisonous Vapours |     7 |     8 |    32 |     5 ||    52
       Mephitic Cloud    |       |     2 |     7 |     2 ||    11
       Summon Guardian G |       |       |     7 |       ||     7
       Olgreb's Toxic Ra |       |       |     5 |    10 ||    15
Evoke: Wand              |       |       |     3 |       ||     3
  Use: Scroll            |       |    11 |    13 |     1 ||    25
       Potion            |       |       |     1 |     4 ||     5
 Stab: Sleeping          |     3 |       |     2 |     1 ||     6
       Confused          |       |       |     2 |       ||     2
Armor: Robe              |    15 |     4 |   105 |    26 ||   150
Dodge: Dodged            |    30 |     6 |   196 |    60 ||   292
Block: Kite shield       |     2 |     9 |   156 |    37 ||   204

Table legend: (Time is in decaauts)
 A = Elapsed time spent in this place.
 B = Non-inter-level travel time spent in this place.
 C = Inter-level travel time spent in this place.
 D = Time resting spent in this place.
 E = Time spent auto-exploring this place.
 F = Levels seen in this place.
 G = Mean time per level.
                   A        B        C        D        E       F      G
               +--------+--------+--------+--------+--------+-----+--------+
         Total |   7495 |   7169 |    326 |     46 |   5489 |  11 |  681.4 |
       Dungeon |   7181 |   6855 |    326 |     46 |   5411 |  10 |  718.1 |
       Ossuary |    314 |    314 |      0 |      0 |     78 |   1 |  314.0 |
               +--------+--------+--------+--------+--------+-----+--------+

Top non-repeatable levels by time:
     D:2: 993 daAuts
     D:9: 964 daAuts
     D:5: 903 daAuts
     D:3: 870 daAuts
     D:8: 792 daAuts
     D:6: 752 daAuts
     D:4: 712 daAuts
     D:1: 617 daAuts
     D:7: 558 daAuts
 Ossuary: 314 daAuts
    D:10: 16 daAuts
